 Dungeon Crawl Stone Soup version 0.21-a0-215-g0631661 (webtiles) character file.

280 pokedragonboy the Grave Robber (level 6, -3/41 HPs)
             Began as a Mummy Necromancer on Aug 22, 2017.
             Slain by a sky beast (6 damage)
             ... on level 5 of the Dungeon.
             The game lasted 00:16:40 (4700 turns).

pokedragonboy the Grave Robber (Mummy Necromancer)  Turns: 4700, Time: 00:16:41

Health: -3/41      AC:  2    Str: 12    XL:     6   Next: 5%
Magic:  8/13       EV: 12    Int: 16    God:
Gold:   218        SH:  0    Dex: 12    Spells: 4/14 levels left

rFire    x . .     SeeInvis .   p - +0 war axe
rCold    + . .     Gourm    .   (no shield)
rNeg     + + +     Faith    .   a - +0 robe
rPois    ∞         Spirit   .   (no helmet)
rElec    .         Reflect  .   (no cloak)
rCorr    .         Harm     .   (no gloves)
MR       .....                  (no boots)
Stlth    ++........             (no amulet)
HPRegen  0.13/turn              (no ring)
MPRegen  0.13/turn              (no ring)

@: no status effects
A: no food or potions, fire vulnerability, cold resistance 1, negative energy
resistance 3, torment resistance, unbreathing
a: no special abilities


You were on level 5 of the Dungeon.
You were not hungry.

You visited 1 branch of the dungeon, and saw 5 of its levels.

You collected 218 gold pieces.

Inventory:

Hand Weapons
 j - a +0 hunting sling of velocity
 l - a +1 short sword of draining
 p - a +0 war axe (weapon)
Missiles
 g - 118 stones (quivered)
Armour
 a - a +0 robe (worn)
 e - a +0 helmet
Scrolls
 c - a scroll of teleportation {unknown}
 d - 2 scrolls of remove curse
 f - a scroll of fear {unknown}
 h - a scroll of blinking {unknown}
 i - a scroll of fog
 k - a scroll of magic mapping {unknown}
 m - a scroll of recharging {unknown}
Books
 b - a book of Necromancy

   Spells                             Type                      Level
   a - Pain                           Necromancy                   1
   b - Animate Skeleton               Necromancy                   1
   c - Vampiric Draining              Necromancy                   3
   d - Regeneration                   Charms/Necromancy            3
   e - Animate Dead                   Necromancy                   4
   f - Control Undead                 Necromancy                   4


   Skills:
 - Level 1.5 Dodging
 - Level 1.5 Stealth
 + Level 4.9 Spellcasting
 * Level 6.4 Necromancy


You had 4 spell levels left.
You knew the following spells:

 Your Spells              Type           Power        Failure   Level  Hunger
a - Pain                  Necr           ###.         1%          1    N/A
b - Animate Skeleton      Necr           N/A          1%          1    N/A
c - Control Undead        Necr           ###.......   11%         4    N/A
x - Animate Dead          Necr           N/A          11%         4    N/A

Dungeon Overview and Level Annotations

Branches:
Dungeon (5/15)
 Temple: D:4-7

Altars:
Fedhas
Hepliaklqana
Okawaru

Shops:
D:4 }

Annotations:
D:3 xnavy's ghost, amateur MfGl
D:4 cerealjynx's ghost, amateur HuTm


Innate Abilities, Weirdness & Mutations

You do not eat or drink.
Your flesh is vulnerable to fire.
You are immune to poison.
Your flesh is cold resistant. (rC+)
You are immune to negative energy. (rN+++)
You are immune to unholy pain and torment.
You can survive without breathing.


Message History

Casting: Pain
Confirm with . or Enter, or press ? or * to list all spells.
Aiming: Pain
Press: ? - help, Shift-Dir - straight line Nothing appears to happen.
Something hits you.
* * * LOW HITPOINT WARNING * * *
Something shocks you.
* * * LOW HITPOINT WARNING * * *
You can't drink.
Casting: Pain
Confirm with . or Enter, or press ? or * to list all spells.
You can't see any susceptible monsters within range! (Use Z to cast anyway.)
Casting: Pain
Confirm with . or Enter, or press ? or * to list all spells.
Aiming: Pain
Press: ? - help, Shift-Dir - straight line Nothing appears to happen.
Something hits you.
* * * LOW HITPOINT WARNING * * *
Something shocks you.
You die...

.........#
########.# #.# #.#
##########.#
.........#.#
#.......#
#.###.#.#
##.###.#@#
####...#....#
#...........#
####...#....#
#.##......#.#
##.....#..#.#
######.........#.#
....#............#
#.....)........#.#


There were no monsters in sight!

Vanquished Creatures
  A scorpion (D:4)
  A hound (D:5)
  Terence (D:2)
  A worker ant (D:4)
  3 adders
  A shadow imp (D:5)
  An adder skeleton (D:4)
  A dart slug (D:3)
  5 leopard geckos
  7 orcs
  2 ball pythons (D:3)
  5 giant cockroaches
  10 goblins
  13 hobgoblins
  3 jackals (D:1)
  10 kobolds
  2 quokkas
  10 bats
  2 frilled lizards (D:2)
  A leopard gecko skeleton (D:4)
  5 rats
85 creatures vanquished.

Vanquished Creatures (collateral kills)
  2 dart slugs
  2 orcs (D:5)
  2 goblins
  A ball python (D:1)
  A bat (D:1)
  2 frilled lizards (D:1)
10 creatures vanquished.

Grand Total: 95 creatures vanquished

Notes
Turn   | Place    | Note
-------+----------+-------------------------------------------
     0 | D:1      | pokedragonboy the Mummy Necromancer began the quest for the Orb.
     0 | D:1      | Reached XP level 1. HP: 13/13 MP: 4/4
    16 | D:1      | Learned a level 1 spell: Animate Skeleton
   352 | D:1      | Reached XP level 2. HP: 19/19 MP: 4/6
  1288 | D:1      | Reached XP level 3. HP: 24/24 MP: 3/7
  1873 | D:2      | Noticed Terence
  1921 | D:1      | Reached skill level 5 in Necromancy
  2159 | D:2      | Killed Terence
  2159 | D:2      | Reached XP level 4. HP: 30/30 MP: 0/9
  2354 | D:2      | Learned a level 4 spell: Animate Dead
  2359 | D:2      | Learned a level 4 spell: Control Undead
  3200 | D:3      | Noticed xnavy's ghost (amateur MfGl)
  3245 | D:4      | Reached XP level 5. HP: 24/35 MP: 0/11
  3415 | D:3      | Found an iron altar of Okawaru.
  3853 | D:4      | Found a blossoming altar of Fedhas.
  3920 | D:4      | Noticed cerealjynx's ghost (amateur HuTm)
  3924 | D:4      | Found a hazy altar of Hepliaklqana.
  3929 | D:4      | Reached skill level 6 in Necromancy
  4189 | D:4      | Found Muxum's Gadget Boutique.
  4405 | D:5      | Entered Level 5 of the Dungeon
  4410 | D:5      | Reached XP level 6. HP: 38/41 MP: 7/13
  4673 | D:5      | Noticed a sky beast
  4687 | D:5      | HP: 2/41 [something (6)]
  4700 | D:5      | Slain by a sky beast

Vault maps used:
D:1:      enne_arrival_octagon_isle
D:2:      uniq_terence
D:3:      minmay_misc_feat_iff, okawaru_metal_pillars_1_2
D:4:      overflow_temple_1_default, lemuel_crystal_altar, serial_shops,
          nicolae_shop_trees, first_bread, kennysheep_generic_room_16
D:5:      lemuel_coloured_pillars_altar, st_stairs_8, uniq_crazy_yiuf_cottage

Skill      XL: |  1  2  3  4  5 |
---------------+----------------+-----
Spellcasting   | 3 4 |  4.9
Necromancy     | 5 6 |  6.4
Dodging        | |  1.5
Stealth        | |  1.5

Action                   |  1- 3 |  4- 6 || total
-------------------------+-------+-------++-------
Melee: Dagger            |     5 |    30 ||    35
       War axe           |       |    12 ||    12
 Cast: Pain              |    88 |    96 ||   184
       Animate Skeleton  |    20 |       ||    20
       Animate Dead      |       |    10 ||    10
       Control Undead    |       |     7 ||     7
  Use: Scroll            |       |     4 ||     4
Armor: Robe              |    15 |    10 ||    25
Dodge: Dodged            |    27 |    46 ||    73

Table legend:
 A = Spawn XP
 B = Non-spawn XP
 C = Spawn XP percentage of total XP
 D = Spawn monster count
 E = Non-spawn monster count
 F = Spawn count percentage of total count
 G = Total turns spent on level
                    A         B        C        D         E        F      G
               +---------+---------+-------+---------+---------+-------+---------
         Total |      41 |     360 |  10.2 |      18 |      77 |  18.9 |  4700
               +---------+---------+-------+---------+---------+-------+---------
           D:1 |      17 |      46 |  27.0 |      10 |      27 |  27.0 |  1850
           D:2 |       3 |      65 |   4.4 |       2 |      18 |  10.0 |   850
           D:3 |      10 |      44 |  18.5 |       5 |      16 |  23.8 |   977
           D:4 |       0 |     153 |   0.0 |       0 |      11 |   0.0 |   728
           D:5 |      11 |      52 |  17.5 |       1 |       5 |  16.7 |   295
               +---------+---------+-------+---------+---------+-------+---------
